 Dungeon Crawl Stone Soup version 0.20-a0 (webtiles) character file.

126 varam the Ruffian (level 4, -3/44 HPs)
             Began as a Troll Monk on Oct 27, 2016.
             Slain by dobroeutro's ghost (12 damage)
             ... on level 3 of the Dungeon.
             The game lasted 00:01:38 (1379 turns).

varam the Ruffian (Troll Monk)                      Turns: 1379, Time: 00:01:38

Health: -3/44      AC:  6    Str: 20    XL:     4   Next: 84%
Magic:  3/3        EV: 10    Int:  9    God:
Gold:   96         SH:  0    Dex: 12    Spells: 0 memorised, 3 levels left

rFire  . . .     SeeInvis .       - Unarmed
rCold  . . .     Gourm    +     a - +0 robe
rNeg   . . .     Faith    .     (no shield)
rPois  +         Spirit   .     (helmet restricted)
rElec  .         Reflect  .     q - +0 cloak
rCorr  .         Harm     .     (gloves unavailable)
MR     .....                    (boots unavailable)
Stlth  ++........               (no amulet)
                                j - +3 ring of intelligence
                                e - ring of poison resistance

@: no status effects
A: unfitting armour, claws 3, fast metabolism 3, gourmand, regeneration 1,
shaggy fur 1, tough skin 2
a: no special abilities


You were on level 3 of the Dungeon.
You were not hungry.

You visited 1 branch of the dungeon, and saw 3 of its levels.

You collected 96 gold pieces.

Inventory:

Armour
 a - a +0 robe (worn)
 q - a +0 cloak (worn)
Jewellery
 e - a ring of poison resistance (left claw)
 j - a +3 ring of intelligence (right claw)
Scrolls
 d - 2 scrolls of identify {unknown}
 h - a scroll of remove curse {unknown}
 k - a scroll of teleportation {unknown}
 l - a scroll of magic mapping {unknown}
 n - 2 scrolls of random uselessness {unknown}
Potions
 f - a potion of agility {unknown}
 g - a potion of curing {unknown}
 i - a potion of degeneration {unknown}
 m - a potion of cancellation {unknown}
 o - a potion of lignification {unknown}
 p - a potion of flight {unknown}
Comestibles
 b - 6 bread rations
 c - a meat ration


   Skills:
 - Level 2.4 Fighting
 - Level 2.4 Dodging
 - Level 1.0 Stealth
 + Level 5.6 Unarmed Combat


You had 3 spell levels left.
You didn't know any spells.

Dungeon Overview and Level Annotations

Branches:
Dungeon (3/15)

Altars:

Annotations:
D:3 dobroeutro's ghost, amateur DsGl


Innate Abilities, Weirdness & Mutations

You are too large for most types of armour.
You have claws for hands.
Your metabolism is lightning-fast.
You like to eat raw meat.
Your natural rate of healing is unusually fast.
You are covered in fur. (AC +1)
You have very tough skin. (AC +2)


Message History

Dobroeutro's ghost is severely damaged.
Dobroeutro's ghost hits you.
You closely miss dobroeutro's ghost.
Dobroeutro's ghost is severely damaged.
Dobroeutro's ghost hits you!
You closely miss dobroeutro's ghost. Your claw misses dobroeutro's ghost.
Dobroeutro's ghost is severely damaged.
Dobroeutro's ghost hits you.
You barely miss dobroeutro's ghost.
Dobroeutro's ghost is severely damaged.
Dobroeutro's ghost completely misses you.
You closely miss dobroeutro's ghost.
Dobroeutro's ghost is severely damaged.
Dobroeutro's ghost barely misses you.
You scratch dobroeutro's ghost.
Dobroeutro's ghost is almost destroyed.
Dobroeutro's ghost hits you!
* * * LOW HITPOINT WARNING * * *
Dobroeutro's ghost hits you!
You die...

#########
#.......#
#......?# # #
#.......# .#...
#....[[W###..$..#
#....)@†....[...#
#####+######$...#
..# #


You could see dobroeutro's ghost.

Vanquished Creatures
  Crazy Yiuf (D:2)
  An orc wizard (D:3)
  2 adders (D:2)
  An ooze (D:1)
  2 dart slugs (D:1)
  3 leopard geckos
  4 orcs (D:3)
  3 bats
  3 giant cockroaches
  3 goblins
  2 hobgoblins
  A frilled lizard (D:2)
  3 kobolds
  9 rats
38 creatures vanquished.

Notes
Turn   | Place    | Note
-------+----------+-------------------------------------------
     0 | D:1      | varam the Troll Monk began the quest for the Orb.
     0 | D:1      | Reached XP level 1. HP: 22/22 MP: 0/0
   260 | D:1      | Reached XP level 2. HP: 29/29 MP: 1/1
   602 | D:1      | Reached skill level 4 in Unarmed Combat
   835 | D:2      | Reached XP level 3. HP: 36/36 MP: 2/2
  1124 | D:2      | Found a runed door.
  1187 | D:2      | Noticed Crazy Yiuf
  1197 | D:2      | Killed Crazy Yiuf
  1197 | D:2      | Reached skill level 5 in Unarmed Combat
  1197 | D:2      | Reached XP level 4. HP: 20/44 MP: 0/3
  1255 | D:3      | Noticed dobroeutro's ghost (amateur DsGl)
  1379 | D:3      | Slain by dobroeutro's ghost

Vault maps used:
D:1:      dpeg_arrival_lava_temple_mockup
D:2:      minmay_split_cup_small, uniq_crazy_yiuf_cottage
D:3:      overflow_temple_1_default, serial_undead, serial_undead_e,
          serial_undead_a, serial_undead_d, serial_undead_c, first_bread

Skill      XL: |  1  2  3 |
---------------+----------+-----
Unarmed Combat | 4 5 |  5.6
Fighting       | |  2.4
Dodging        | |  2.4
Stealth        | |  1.0

Action                   |  1- 3 |  4- 6 || total
-------------------------+-------+-------++-------
Melee: Unarmed           |    85 |    38 ||   123
       Punch             |       |     1 ||     1
 Stab: Sleeping          |     3 |       ||     3
  Eat: Chunk             |     6 |       ||     6
       Meat ration       |       |     1 ||     1
Armor: Robe              |    31 |    14 ||    45
Dodge: Dodged            |    60 |    16 ||    76
